 Dungeon Crawl Stone Soup version 0.20.1-1-g8b1a95d (webtiles) character file.

113 mopl the Caller (level 4, -1/30 HPs)
             Began as a Mummy Summoner on Sept 4, 2018.
             Killed from afar by an orc wizard (16 damage)
             ... with a puff of flame
             ... on level 2 of the Dungeon.
             The game lasted 00:04:21 (4018 turns).

mopl the Caller (Mummy Summoner)                    Turns: 4018, Time: 00:04:24

Health: -1/30      AC:  2    Str: 11    XL:     4   Next: 65%
Magic:  6/9        EV: 12    Int: 15    God:
Gold:   182        SH:  0    Dex: 12    Spells: 0/10 levels left

rFire    x . .     SeeInvis .   (no weapon)
rCold    + . .     Gourm    .   (no shield)
rNeg     + + +     Faith    .   a - +0 robe
rPois    ∞         Spirit   .   (no helmet)
rElec    .         Reflect  .   (no cloak)
rCorr    .         Harm     .   (no gloves)
MR       .....                  (no boots)
Stlth    ++........             (no amulet)
Regen    0.1/turn               (no ring)
MPRegen  0.2/turn               (no ring)

@: no status effects
A: no food or potions, fire vulnerability, cold resistance 1, negative energy
resistance 3, torment resistance, unbreathing
a: no special abilities


You were on level 2 of the Dungeon.
You were not hungry.

You visited 1 branch of the dungeon, and saw 3 of its levels.

You collected 182 gold pieces.

Inventory:

Missiles
 e - 11 poisoned needles
Armour
 a - a +0 robe (worn)
Wands
 g - a wand of polymorph (9/24)
Scrolls
 c - 2 scrolls of remove curse {unknown}
 d - a scroll of random uselessness {unknown}
 f - a scroll of recharging {unknown}
 h - a scroll of identify {unknown}
 i - a scroll of fear {unknown}
Books
 b - a book of Callings

   Spells                             Type                      Level
   a - Summon Small Mammal            Summoning                    1
   b - Call Imp                       Summoning                    2
   c - Call Canine Familiar           Summoning                    3
   d - Summon Guardian Golem          Hexes/Summoning              3
   e - Summon Lightning Spire         Summoning/Air                4
   f - Summon Ice Beast               Ice/Summoning                4


   Skills:
 - Level 1.5 Dodging
 - Level 1.5 Stealth
 + Level 3.9 Spellcasting
 * Level 4.6 Summonings
 + Level 0.1 Ice Magic


You couldn't memorise any spells.
You knew the following spells:

 Your Spells              Type           Power        Failure   Level  Hunger
a - Summon Small Mammal   Summ           ###.         2%          1    N/A
b - Call Imp              Summ           ###.....     4%          2    N/A
c - Call Canine Familiar  Summ           ###.....     9%          3    N/A
d - Summon Ice Beast      Ice/Summ       ##......     56%         4    N/A

Dungeon Overview and Level Annotations

Branches:
Dungeon (3/15)

Altars:
Ru
Uskayaw


Innate Abilities, Weirdness & Mutations

You do not eat or drink.
Your flesh is vulnerable to fire.
You are immune to poison.
Your flesh is cold resistant. (rC+)
You are immune to negative energy. (rN+++)
You are immune to unholy pain and torment.
You can survive without breathing.


Message History

There is a stone staircase leading down here.
You climb downwards.
The orc priest shouts!
The orc wizard gestures wildly while chanting.
The orc wizard flickers and vanishes!
Deactivating autopickup; reactivate with Ctrl-A.
There is a stone staircase leading up here.
Unknown command.
Unknown command.
The orc priest invokes the aid of Beogh against you.
Beogh smites you! Something hits you.
You climb upwards.
There is a stone staircase leading down here.
Casting: Call Canine Familiar
Confirm with . or Enter, or press ? or * to list all spells.
You hear some strange, mumbled words.
A puff of flame appears from out of thin air!
The puff of flame hits you! The fire burns you terribly!
Ouch! That really hurt!
You die...

###### ....(# ####.#
####.#############
.......)........@#
####...†.####..h)###
......##†####......#
####.......#######.#
...+.............#.####
####.............#....#
#####.........####.#
#.........# #.###
##.........# #...#


You could see a friendly hound.

Vanquished Creatures
  An ooze (D:2)
  2 dart slugs (D:1)
  2 ball pythons (D:1)
  5 goblins
  3 bats (D:1)
  4 frilled lizards (D:1)
  2 kobolds (D:1)
  7 rats
26 creatures vanquished.

Vanquished Creatures (collateral kills)
  Terence (D:2)
  Natasha (thrice) (D:2)
  3 adders
  2 worms (D:2)
  A dart slug (D:2)
  An orc (D:2)
  A goblin (D:1)
  4 hobgoblins
  4 kobolds
  2 bats (D:2)
  2 rats
24 creatures vanquished.

Grand Total: 50 creatures vanquished

Notes
Turn   | Place    | Note
-------+----------+-------------------------------------------
     0 | D:1      | mopl the Mummy Summoner began the quest for the Orb.
     0 | D:1      | Reached XP level 1. HP: 13/13 MP: 4/4
   823 | D:1      | Reached skill level 3 in Spellcasting
   823 | D:1      | Reached XP level 2. HP: 14/19 MP: 3/6
   829 | D:1      | Learned a level 2 spell: Call Imp
  2394 | D:2      | Noticed Natasha
  2402 | D:2      | Killed Natasha
  2402 | D:2      | Reached skill level 4 in Summonings
  2402 | D:2      | Reached XP level 3. HP: 18/24 MP: 2/7
  2407 | D:2      | Learned a level 3 spell: Call Canine Familiar
  2466 | D:2      | Noticed Natasha
  2474 | D:2      | Killed Natasha
  2797 | D:2      | Noticed a hand axe
  2798 | D:2      | Found a hide-covered altar of Uskayaw.
  2799 | D:2      | Noticed a dagger
  2862 | D:2      | Noticed Natasha
  2967 | D:2      | Noticed Terence
  2982 | D:2      | Killed Terence
  2982 | D:2      | Reached XP level 4. HP: 19/30 MP: 0/9
  3302 | D:2      | Killed Natasha
  3601 | D:2      | Learned a level 4 spell: Summon Ice Beast
  3750 | D:3      | Found a sacrificial altar of Ru.
  4018 | D:2      | Killed from afar by an orc wizard

Skill      XL: |  1  2 |
---------------+-------+-----
Spellcasting   | 3 |  3.9
Summonings     | 4 |  4.6
Dodging        | |  1.5
Stealth        | |  1.5
Ice Magic      | |  0.1

Action                   |  1- 3 |  4- 6 || total
-------------------------+-------+-------++-------
Melee: Unarmed           |   139 |    57 ||   196
 Cast: Summon Small Mamm |     8 |       ||     8
       Call Imp          |    13 |     2 ||    15
       Call Canine Famil |     4 |     6 ||    10
 Stab: Sleeping          |     1 |       ||     1
       Distracted        |       |     1 ||     1
Armor: Robe              |    19 |     3 ||    22
Dodge: Dodged            |   117 |    57 ||   174
